 Dungeon Crawl Stone Soup version 0.29-a0-857-g9b1aa3ac5b (webtiles) character file.

Game seed: 6738123237994271112

5 nxtlvl the Ducker (level 1, -1/13 HPs)
             Began as a Deep Elf Monk on July 16, 2022.
             Slain by a kobold
             ... wielding a +0 dagger
              (2 damage)
             ... on level 1 of the Dungeon.
             The game lasted 00:00:55 (141 turns).

nxtlvl the Ducker (Deep Elf Monk)                    Turns: 141, Time: 00:00:56

Health: -1/13      AC:  3    Str:  8    XL:     1   Next: 66%
Magic:  3/3        EV: 13    Int: 14    God:
Gold:   17         SH:  0    Dex: 17    Spells: 0/0 levels left

rFire   . . .      SeeInvis .   a - +0 short sword
rCold   . . .      Faith    .   (no shield)
rNeg    . . .      Spirit   .   b - +0 robe
rPois   .          Reflect  .   (no helmet)
rElec   .          Harm     .   (no cloak)
rCorr   .          Rampage  .   d - +0 pair of gloves
Will    .....                   (no boots)
Stlth   ++........              (no amulet)
HPRegen 0.04/turn               (no ring)
MPRegen 0.08/turn               (no ring)

@: no status effects
A: no striking features
a: no special abilities


You were on level 1 of the Dungeon.
You visited 1 branch of the dungeon, and saw 1 of its levels.

You collected 17 gold pieces.

Inventory:

Hand Weapons
 a - a +0 short sword (weapon)
Armour
 b - a +0 robe (worn)
 d - a +0 pair of gloves (worn)
Scrolls
 e - a scroll of amnesia {unknown}
 f - 2 scrolls of teleportation {unknown}
Potions
 c - a potion of ambrosia


   Skills:
 - Level 2.4 Fighting
 * Level 3.4 Short Blades
 - Level 3.6 Dodging
 - Level 2.4 Stealth


You couldn't memorise any spells.
You didn't know any spells.
Your spell library was empty.

Dungeon Overview and Level Annotations

Branches:
Dungeon (1/15)

Altars:


Message History

You see here a scroll labelled BOELEH UXACIKI.
f - 2 scrolls labelled BOELEH UXACIKI (gained 1)
The bat hits you but does no damage.
You hit the bat but do no damage. The bat hits you but does no damage.
You hit the bat.
The bat is moderately wounded.
The kobold shouts!
The bat barely misses you.
The ball python hisses angrily.
You hit the bat.
You kill the bat!
The kobold throws a stone.
The stone hits you.
The kobold throws a stone.
The stone barely misses you.
You see here a +0 pair of gloves.
You see here a quokka corpse.
The ball python closely misses you. The ball python grabs you.
The ball python constricts you.
You closely miss the ball python.
The kobold throws a stone.
The stone barely misses you.
The stone hits the ball python.
The ball python barely misses you. The ball python constricts you.
You hit the ball python.
You kill the ball python!
You closely miss the kobold. The kobold completely misses you.
You closely miss the kobold. The rat bites you.
* * * LOW HITPOINT WARNING * * *
The kobold hits you but does no damage.
You barely miss the kobold. The rat closely misses you.
The kobold hits you but does no damage.
You closely miss the kobold. The rat barely misses you.
The kobold hits you with a +0 dagger.
* * * LOW HITPOINT WARNING * * *
You closely miss the kobold. The rat bites you but does no damage.
The kobold hits you but does no damage.
You closely miss the kobold. The rat misses you. The kobold closely misses you.
You hit the kobold but do no damage. The rat barely misses you.
The kobold misses you.
You closely miss the kobold. The rat bites you.
* * * LOW HITPOINT WARNING * * *
The kobold hits you with a +0 dagger.
You die...

#.. ##.# #. ####... #.# ##
#...... # ###.###.. #.##... #.
....#... #.##...
####.#####...## #......
.8..∩..∩..♣...### ###..#...
............#K@.# ##..).#...
..[.........###r######...###...
.∩....._K[∩..†....^........>...
............###....###.########
................##..#..#
.∩..♣.[♣..8..######.....
............## #...###
.............# ###.#
.∩..8..∩..∩..# #..#


You could see a kobold and a rat.

Vanquished Creatures
  3 ball pythons (D:1)
  A quokka (D:1)
  A bat (D:1)
  A goblin (D:1)
6 creatures vanquished.

Notes
Turn   | Place    | Note
-------+----------+-------------------------------------------
     0 | D:1      | nxtlvl the Deep Elf Monk began the quest for the Orb.
     0 | D:1      | Reached XP level 1. HP: 13/13 MP: 3/3
    88 | D:1      | Found a faded altar of an unknown god.
   141 | D:1      | Slain by a kobold

Illustrated notes

Levels and vault maps discovered:
D:1:      roderic_octagonal_star, layout_rooms,
          hellmonk_ecumenical_altar_arch_garden

Action                   || total
-------------------------++-------
Melee: Short sword       ||    32
Armor: Robe              ||     8
Dodge: Dodged            ||    24

Table legend: (Time is in decaauts)
 A = Elapsed time spent in this place.
 B = Non-inter-level travel time spent in this place.
 C = Inter-level travel time spent in this place.
 D = Time resting spent in this place.
 E = Time spent auto-exploring this place.
 F = Levels seen in this place.
 G = Mean time per level.
                   A        B        C        D        E       F      G
               +--------+--------+--------+--------+--------+-----+--------+
         Total |    139 |    139 |      0 |      0 |     28 |   1 |  139.0 |
       Dungeon |    139 |    139 |      0 |      0 |     28 |   1 |  139.0 |
               +--------+--------+--------+--------+--------+-----+--------+

Top non-repeatable levels by time:
     D:1: 139 daAuts
